 Dungeon Crawl Stone Soup version 0.26-b1-32-g5d43845318 (webtiles) character file.

Game seed: 13239513998224461224

774 Borgoz the Skirmisher (level 7, -3/60 HPs)
             Began as a Ghoul Fighter on Jan 13, 2021.
             Was an Initiate of Ashenzari.
             Slain by a black bear (6 damage)
             ... on level 6 of the Dungeon.
             The game lasted 00:04:54 (4732 turns).

Borgoz the Skirmisher (Ghoul Fighter)               Turns: 4732, Time: 00:04:54

Health: -3/60      AC:  9    Str: 20    XL:     7   Next: 84%
Magic:  6/6        EV:  9    Int:  3    God:    Ashenzari [......]
Gold:   213        SH:  9    Dex: 10    Spells: 6/6 levels left

rFire    . . .     SeeInvis .   a - +0 long sword
rCold    + . .     Faith    .   c - +0 kite shield
rNeg     + + +     Spirit   .   b - +0 scale mail
rPois    ∞         Reflect  .   (no helmet)
rElec    .         Harm     .   (no cloak)
rCorr    +         Rampage  .   g - +0 pair of gloves
Will     .....                  p - +0 pair of boots
Stlth    ..........             (no amulet)
HPRegen  0.00/turn              w - ring of resist corrosion
MPRegen  0.10/turn              (no ring)

@: no status effects
A: claws 1, cold resistance 1, negative energy resistance 3, inhibited
regeneration, torment resistance, unbreathing
a: Renounce Religion, Curse Item


You were on level 6 of the Dungeon.
You worshipped Ashenzari.
Ashenzari was noncommittal.
You visited 2 branches of the dungeon, and saw 7 of its levels.

You collected 213 gold pieces.

Inventory:

Hand Weapons
 a - a +0 long sword (weapon)
Armour
 b - a +0 scale mail (worn)
 c - a +0 kite shield (worn)
 g - a +0 pair of gloves (worn)
 p - a +0 pair of boots (worn)
Jewellery
 w - a ring of resist corrosion (left hand)
Wands
 q - a wand of iceblast (8)
Scrolls
 e - 2 scrolls of remove curse
 h - 5 scrolls of teleportation
 i - 5 scrolls of identify {unknown}
 m - 2 scrolls of fear {unknown}
 n - 2 scrolls of magic mapping {unknown}
 o - 2 scrolls of noise {unknown}
 s - a scroll of random uselessness {unknown}
 t - a scroll of fog {unknown}
 u - a scroll of enchant weapon {unknown}
Potions
 d - a potion of might
 f - 3 potions of curing {unknown}
 j - 3 potions of invisibility {unknown}
 k - a potion of cancellation {unknown}
 l - a potion of heal wounds {unknown}
 r - a potion of lignification {unknown}
 v - a potion of brilliance {unknown}


   Skills:
 + Level 4.6 Fighting
 * Level 4.3 Long Blades
 + Level 4.1 Armour
 * Level 3.8 Dodging
 + Level 3.9 Shields


You had 6 spell levels left.
You didn't know any spells.
Your spell library was empty.

Dungeon Overview and Level Annotations

Branches:
Dungeon (6/15)             Temple (1/1) D:4

Altars:
Ashenzari
Cheibriados
Dithmenos
Elyvilon
Fedhas
Gozag
Hepliaklqana
Kikubaaqudgha
Makhleb
Nemelex Xobeh
Okawaru
Ru
Sif Muna
Trog
Uskayaw
Vehumet
Wu Jian
Xom
Yredelemnul
Zin

Shops:
D:4 :   D:5 =


Innate Abilities, Weirdness & Mutations

You thrive by killing the living.
You are immune to poison.
You have sharp fingernails.
Your flesh is cold resistant. (rC+)
You are immune to negative energy. (rN+++)
You do not regenerate when monsters are visible.
You are immune to unholy pain and torment.
You can survive without breathing.


Message History

The black bear is almost dead.
The black bear bites you!
* * * LOW HITPOINT WARNING * * *
You block the black bear's attack. x2; The jackal closely misses you.
The black bear bites you but does no damage.
The black bear claws you but does no damage. x2
You completely miss the black bear.
The black bear is almost dead.
The black bear barely misses you. You block the black bear's attack.
The black bear claws you but does no damage.
The jackal bites you but does no damage.
The jackal barely misses you.
You riposte.
You hit the jackal.
The jackal is moderately wounded.
You block the black bear's attack. The black bear closely misses you.
The black bear claws you.
* * * LOW HITPOINT WARNING * * *
You hit the black bear but do no damage.
The black bear is almost dead.
You block the black bear's attack. The black bear claws you.
You die...

#.....# #.....#
#.$...#
.....#+#########
#..............
#....<.........
#.....†h(......
#....?.@.......
#<.....h.$.....
#..............
#..............
...###+#......##
....# #......#
#....# +......#
#....# #......#
....#


You could see a black bear (berserk) and a jackal.

Vanquished Creatures
  An ice beast (D:5)
  A sky beast (D:5)
  A howler monkey (D:5)
  An orc priest (D:5)
  3 hounds
  2 orc wizards (D:4)
  Jessica (D:3)
  2 iguanas
  2 worker ants (D:4)
  Natasha (thrice) (D:4)
  A worker ant zombie (D:5)
  3 adders
  A white imp (D:5)
  3 oozes
  2 adder zombies (D:5)
  An adder skeleton (D:4)
  A worm (D:3)
  4 dart slugs
  2 leopard geckos
  14 orcs
  2 bats
  5 giant cockroaches
  7 hobgoblins
  6 jackals
  2 quokkas
  2 ball pythons (D:1)
  3 frilled lizards
  5 goblins
  11 kobolds
  A quokka zombie (D:5)
  5 rats
98 creatures vanquished.

Notes
Turn   | Place    | Note
-------+----------+-------------------------------------------
     0 | D:1      | Borgoz the Ghoul Fighter began the quest for the Orb.
     0 | D:1      | Reached XP level 1. HP: 19/19 MP: 0/0
   233 | D:1      | Reached XP level 2. HP: 26/26 MP: 1/1
   373 | D:1      | Reached skill level 1 in Dodging
   377 | D:1      | Reached XP level 3. HP: 16/31 MP: 2/2
  1389 | D:2      | Reached XP level 4. HP: 38/38 MP: 3/3
  1676 | D:3      | Found a faded altar of an unknown god.
  1770 | D:3      | Found a basalt altar of Yredelemnul.
  1914 | D:3      | Noticed Jessica
  1992 | D:3      | Found an ornate altar of the Wu Jian Council.
  2065 | D:4      | Found a staircase to the Ecumenical Temple.
  2084 | Temple   | Entered the Ecumenical Temple
  2099 | Temple   | Became a worshipper of Ashenzari the Shackled
  2186 | D:4      | Reached XP level 5. HP: 42/46 MP: 4/4
  2263 | D:4      | Found a shimmering blue altar of Sif Muna.
  2433 | D:4      | Noticed Natasha
  2448 | D:4      | Killed Natasha
  2481 | D:4      | Noticed Natasha
  2484 | D:4      | Killed Natasha
  2485 | D:4      | Reached XP level 6. HP: 52/52 MP: 5/5
  2729 | D:4      | Found Goalief's Book Shop.
  3044 | D:4      | Found a burning altar of Makhleb.
  3154 | D:4      | Noticed Natasha
  3164 | D:4      | Killed Natasha
  3472 | D:3      | Found a sacrificial altar of Ru.
  3474 | D:3      | Killed Jessica
  3573 | D:5      | Entered Level 5 of the Dungeon
  3665 | D:5      | Noticed an ice beast
  3679 | D:5      | Killed an ice beast
  3680 | D:5      | Reached XP level 7. HP: 56/59 MP: 6/6
  3794 | D:5      | Found a shadowy altar of Dithmenos.
  4437 | D:5      | Found a shimmering blue altar of Sif Muna.
  4480 | D:5      | Found an ancient bone altar of Kikubaaqudgha.
  4589 | D:5      | Found Jywerup's Jewellery Shop.
  4731 | D:6      | HP: 3/60 [black bear (6)]
  4732 | D:6      | Slain by a black bear

Illustrated notes

Levels and vault maps discovered:
D:1:      saegor_arrival_simple_d, layout_rooms
D:2:      layout_basic, serial_bayou, serial_bayou_pond_d,
          serial_bayou_crossing, serial_bayou_shore_b, serial_bayou_lagoon_a
D:3:      layout_basic, yredelemnul_altar_generic,
          nicolae_overflow_hidden_temple,
          chequers_ecumenical_altar_simple_redux, corexii_shack, uniq_jessica
D:4:      cheibrodos_quashed, layout_loops_corners,
          lemuel_coloured_pillars_altar, minmay_temple_entry_waves,
          serial_shops, shop, led_sif_book, uniq_natasha
D:5:      layout_gridville, general_overflow_altar, kennysheep_mini_moat,
          lemuel_crystal_altar, serial_shops, nicolae_shop_waterfront
D:6:      layout_gridville, minmay_misc_feat_rugged, minivault_4,
          minmay_misc_feat_alley, grunt_ministairs_1, trog_ov_bears_minmay
Temple:   cyrus_circular_temple

Skill      XL: |  1  2  3  4  5  6  7 |
---------------+----------------------+-----
Long Blades    | 2 3 4 |  4.3
Dodging        | 1 2 3 |  3.8
Armour         | 3 4 |  4.1
Shields        | 3 |  3.9
Fighting       | 4 |  4.6

Action                   |  1- 3 |  4- 6 |  7- 9 || total
-------------------------+-------+-------+-------++-------
Melee: Long sword        |   144 |   169 |   138 ||   451
  Use: Scroll            |     1 |     1 |       ||     2
Armor: Scale mail        |    86 |    79 |    80 ||   245
Dodge: Dodged            |    72 |    55 |    87 ||   214
Block: Kite shield       |    86 |   102 |   110 ||   298
       Rpst.: Long sword |    31 |    23 |    21 ||    75
